 Dungeon Crawl Stone Soup version 0.28.0-45-g0d030f2227 (webtiles) character file.

Game seed: 12240941753982518424

11 ImHallYall the Grave Robber (level 2, -5/20 HPs)
             Began as a Demigod Necromancer on Apr 7, 2022.
             Slain by a worm (7 damage)
             ... on level 2 of the Dungeon.
             The game lasted 00:03:28 (2056 turns).

ImHallYall the Grave Robber (Demigod Necromancer)   Turns: 2056, Time: 00:03:29

Health: -5/20      AC: 10    Str:  9    XL:     2   Next: 6%
Magic:  4/7        EV:  0    Int: 17    God:
Gold:   26         SH:  0    Dex: 14    Spells: 2/4 levels left

rFire   . . .      SeeInvis .   e - +0 dagger
rCold   . . .      Faith    .   (no shield)
rNeg    . . .      Spirit   .   f - +0 plate armour
rPois   .          Reflect  .   (no helmet)
rElec   .          Harm     .   (no cloak)
rCorr   .          Rampage  .   (no gloves)
Will    .....                   (no boots)
Stlth   ..........              (no amulet)
HPRegen 0.06/turn               (no ring)
MPRegen 0.10/turn               (no ring)

@: very slightly contaminated
A: high MP 1, forlorn, divine attributes
a: no special abilities


You were on level 2 of the Dungeon.
You visited 1 branch of the dungeon, and saw 2 of its levels.

You collected 26 gold pieces.

Inventory:

Hand Weapons
 b - a +0 club
 e - a +0 dagger (weapon)
Armour
 a - a +0 robe
 d - a +0 leather armour
 f - a +0 plate armour (worn)
Scrolls
 c - 3 scrolls of identify {unknown}
 g - a scroll of blinking {unknown}
Potions
 h - a potion of brilliance {unknown}


   Skills:
 + Level 1.9 Dodging
 + Level 1.8 Stealth
 + Level 1.9 Spellcasting
 + Level 4.0 Necromancy


You had 2 spell levels left.
You knew the following spells:

 Your Spells              Type           Power      Damage    Failure   Level
a - Pain                  Necr           60%        1d7       100%        1
b - Animate Skeleton      Necr           30%        N/A       100%        1

Your spell library contained the following spells:

 Spells                   Type           Power      Damage    Failure   Level
 Vampiric Draining        Necr           15%        2d7       100%        3
 Animate Dead             Necr           7%         N/A       100%        4
 Agony                    Necr           15%        N/A       100%        5


Dungeon Overview and Level Annotations

Branches:
Dungeon (2/15)


Innate Abilities, Weirdness & Mutations

You have an increased reservoir of magic. (+10% MP)
You shall have no god before yourself.
Your divine heritage dramatically boosts your attributes as you level up.


Message History

* * * LOW HITPOINT WARNING * * *
You hit the worm.
The worm is heavily wounded.
Your magical contamination has completely faded away.
You hit the worm.
The worm is heavily wounded.
The worm bites you but does no damage.
You hit the worm.
The worm is heavily wounded.
The worm bites you but does no damage.
You barely miss the worm.
The worm is heavily wounded.
Casting: Pain (safe; 100% risk of failure)
Confirm with . or Enter, or press ? or * to list all spells.
Aiming: Pain (safe; 100% risk of failure)
Press: ? - help, Shift-Dir - straight line, f/p - worm
Aim: a worm (heavily wounded, chance to affect: 79%)
You miscast Pain.
You are very lightly contaminated with residual magic.
Nothing appears to happen.
The worm bites you.
* * * LOW HITPOINT WARNING * * *
Unknown command.
Unknown command.
Casting: Pain (safe; 100% risk of failure)
Confirm with . or Enter, or press ? or * to list all spells.
Aiming: Pain (safe; 100% risk of failure)
Press: ? - help, Shift-Dir - straight line, f/p - worm
Aim: a worm (heavily wounded, chance to affect: 79%)
You miscast Pain.
Nothing appears to happen.
Casting: Pain (safe; 100% risk of failure)
Confirm with . or Enter, or press ? or * to list all spells.
Aiming: Pain (safe; 100% risk of failure)
Press: ? - help, Shift-Dir - straight line, f/p - worm
Aim: a worm (heavily wounded, chance to affect: 79%)
You miscast Pain.
Nothing appears to happen.
The worm bites you but does no damage.
You hit the worm.
The worm is heavily wounded.
The worm bites you!
You die...

## ## ....? # #.#.#
#!####.#.#######
#..............#
#..........#.# #..w.#
#.#.#######
#.#.###@.###.#.#......
#.....................
#.#.###..###.#.#.#####
.....# #.#<# #
#.###.## #.....# #.#
###...... #.# #...####
#.# ##..# #.# ...


You could see a worm.

Vanquished Creatures
  An endoplasm (D:1)
  2 goblins (D:1)
  A hobgoblin (D:1)
  A quokka (D:1)
  2 ball pythons (D:1)
  A bat (D:1)
  3 frilled lizards (D:1)
  A kobold (D:1)
12 creatures vanquished.

Notes
Turn   | Place    | Note
-------+----------+-------------------------------------------
     0 | D:1      | ImHallYall the Demigod Necromancer began the quest for the
                  | Orb.
     0 | D:1      | Reached XP level 1. HP: 14/14 MP: 5/5
   497 | D:1      | Noticed a great orb of eyes
   497 | D:1      | Noticed a floating eye
   498 | D:1      | Noticed a floating eye
   498 | D:1      | Noticed an eye of devastation
   880 | D:1      | Learned a level 1 spell: Animate Skeleton
  1532 | D:1      | Reached XP level 2. HP: 17/20 MP: 7/7
  1801 | D:1      | Reached skill level 4 in Necromancy
  2053 | D:2      | HP: 1/20 [worm (2)]
  2056 | D:2      | Slain by a worm

Illustrated notes

Levels and vault maps discovered:
D:1:      dpeg_arrival_round_b, layout_loops_corners,
          hellmonk_ecumenical_altar_watching_god
D:2:      layout_loops_ring, nrook_mini_vaults, roderic_lattice_a, uniq_natasha

Skill      XL: |  1  2 |
---------------+-------+-----
Necromancy     | 4 |  4.0
Dodging        | |  1.9
Stealth        | |  1.8
Spellcasting   | |  1.9

Action                   || total
-------------------------++-------
Melee: Unarmed           ||    10
       Dagger            ||    28
       Club              ||     2
 Cast: Pain              ||    15
       Animate Skeleton  ||     1
Armor: Plate armour      ||    32
       Robe              ||     3
Dodge: Dodged            ||    10
